cohdb
Replays
Latest Replays
All Replays
Popular Replays
Top Player Replays
Match Explorer
How It Works
Community
CoH3 Stats
Reddit
Sign in to upload your games and track your stats! →
Sign in with Steam
Match 30192305
Unlisted
Match 30192305
Overview
Messages
Build Orders
End
Pioneer Squad
Construct Infanterie Kompanie
Grenadier Squad
MG 42 Machine Gun Team
GrW 34 Mortar Team
Medical Station
Construct Luftwaffe Kompanie
Selects Mechanized Battlegroup
Selects Spotting Scopes
Jäger Squad
Infanterie Officer Quarters
Medical Bunker
Luftwaffe Officer Quarters
Flak 30 Anti-aircraft Gun Team
Support Elements
Selects Stoßtruppen Assault Package
Marder III M Tank Destroyer
Wirbelwind Flakpanzer
Jäger Squad
Construct Panzer Kompanie
Side Skirts
Selects Zeroing Artillery Barrage
Selects Raid Package
Stoßtruppen Squad
Panzer Officer Quarters
Selects StuG Assault Group
Selects UNKNOWN (2160084)
Panther Heavy Tank
OttomanPower
Patrick
Slonek
Hanaken
Spacemen500
Ceiter
mikolajczak968
8200
0
0
Comments
sign in to comment!
No comments posted yet!